 Dungeon Crawl Stone Soup version 0.28-a0-1524-ge72afd5fc6 (webtiles) character file.

Game seed: 2658475344378254200

751 derath95 the Skirmisher (level 7, -1/30 (55) HPs)
             Began as a Demonspawn Fighter on Jan 17, 2022.
             Was a Priest of Sif Muna.
             Slain by an orc wizard (5 damage)
             ... on level 5 of the Dungeon.
             The game lasted 00:13:40 (4790 turns).

derath95 the Skirmisher (Demonspawn Fighter)        Turns: 4790, Time: 00:13:40

HP:   -1/30 (55)    AC: 12    Str: 19    XL:     7   Next: 49%
MP:   10/10         EV:  9    Int:  9    God:    Sif Muna [***...]
Gold: 141           SH:  5    Dex: 12    Spells: 11/11 levels left

rFire   + . .      SeeInvis .   a - +0 war axe
rCold   . . .      Faith    .   c - +0 buckler
rNeg    . . .      Spirit   .   b - +0 scale mail
rPois   .          Reflect  .   (helmet restricted)
rElec   .          Harm     .   u - +2 cloak
rCorr   .          Rampage  .   (no gloves)
Will    .....                   (no boots)
Stlth   ..........              (no amulet)
HPRegen 0.10/turn               n - ring of protection from fire
MPRegen 0.24/turn               (no ring)

@: very heavily drained
A: antennae 1, slimy green scales 1, magic regeneration
a: Renounce Religion, Channel Magic, Forget Spell


You were on level 5 of the Dungeon.
You worshipped Sif Muna.
Sif Muna was most pleased with you.
You visited 1 branch of the dungeon, and saw 5 of its levels.

You collected 141 gold pieces.

Inventory:

Hand Weapons
 a - a +0 war axe (weapon)
 o - a +0 flail
 t - the +7 mace of Exchange {flame, rPois Str+4}
   (You found it on level 4 of the Dungeon)

   It burns those it strikes, dealing additional fire damage.
   Str:       It affects your strength (+4).
   rPois:     It protects you from poison.
Missiles
 k - a throwing net (quivered)
Armour
 b - a +0 scale mail (worn)
 c - a +0 buckler (worn)
 u - a +2 cloak (worn)
Jewellery
 n - a ring of protection from fire (left hand)
 p - a ring of protection from fire
Scrolls
 f - a scroll of amnesia {unknown}
 g - a scroll of fear {unknown}
 h - a scroll of summoning {unknown}
 i - 2 scrolls of magic mapping {unknown}
 l - a scroll of teleportation {unknown}
 r - a scroll of immolation {unknown}
 s - 3 scrolls of fog {unknown}
Potions
 d - 2 potions of might
 j - a potion of mutation {unknown}
 m - a potion of brilliance {unknown}
 q - a potion of magic {unknown}


   Skills:
 + Level 4.4 Fighting
 + Level 3.3(3.7) Axes
 + Level 2.4(3.3) Maces & Flails
 + Level 3.9 Armour
 + Level 4.0 Shields
 + Level 2.5 Spellcasting
 + Level 3.4 Invocations


You had 11 spell levels left.
You didn't know any spells.
Your spell library contained the following spells:

 Spells                   Type           Power      Damage    Failure   Level
 Tukima's Dance           Hex            1%         N/A       98%         3
 Anguish                  Hex/Necr       0%         N/A       100%        4
 Enfeeble                 Hex            0%         N/A       100%        7


Dungeon Overview and Level Annotations

Branches:
Dungeon (5/15)
 Temple: D:4-7

Altars:
Sif Muna


Innate Abilities, Weirdness & Mutations

You have a pair of small antennae on your head.
You are partially covered in slimy green scales. (AC +2)
You regenerate magic rapidly.


Message History

The adder closely misses you. Something hits you.
You feel drained.
You miss something. You miss the adder. The adder bites you but does no damage.
The adder closely misses you. You block something's attack.
You barely miss something. You barely miss the adder.
An orc wizard appears from thin air!
Reactivating autopickup.
The adder bites you but does no damage. The orc wizard casts a spell at you.
You resist with some effort. The adder barely misses you.
The orc wizard casts a spell at you. The magic dart hits you.
You barely miss the orc wizard.
The orc wizard is heavily wounded.
You completely miss the adder. The adder bites you but does no damage.
The orc wizard gestures wildly while chanting.
The orc wizard flickers and vanishes!
Deactivating autopickup; reactivate with Ctrl-A.
The adder bites you but does no damage.
You closely miss something. You hit the adder. The adder barely misses you.
Something hits you.
* * * LOW HITPOINT WARNING * * *
You feel drained.
* * * LOW HITPOINT WARNING * * *
The adder bites you.
* * * LOW HITPOINT WARNING * * *
You miss something. You hit the adder.
You kill the adder!
Sif Muna accepts your kill. Something hits you but does no damage.
You feel drained.
You hear some strange, mumbled words.
Something tries to affect you, but you resist.
You miss something.
You hear some strange, mumbled words.
Something tries to affect you, but you resist.
You miss something. Something hits you but does no damage.
You feel drained.
You closely miss something. Something hits you but does no damage.
You feel drained. Something hits you but does no damage.
You feel drained.
You miss something. Something hits you but does no damage.
You feel drained.
You closely miss something. Something hits you.
You die...

.........#...#......#
######..........#####
+...............
#...#...##.#####
#...#...##......
#.).#...######+# #
####.))##### #...
#...##).....### #...
......)@{........
#...
......)).##...##.
#... ......$.##..≈..#
#... .......##
.≈≈≈..# #... .......
≈≈≈≈≈..# #.(. .......
≈≈≈≈≈.. #... .......
≈≈≈≈ .......


There were no monsters in sight!

Vanquished Creatures
  A water moccasin (D:5)
  A necrophage (D:5)
  2 scorpions (D:4)
  A howler monkey (D:4)
  A hound (D:4)
  A jelly (D:4)
  Crazy Yiuf (D:4)
  An orc priest (D:5)
  Natasha (thrice) (D:3)
  A hound zombie (D:3)
  A hound skeleton (D:5)
  Robin (D:3)
  5 adders
  A shadow imp (D:3)
  A white imp (D:5)
  An adder skeleton (D:4)
  2 worms (D:3)
  A dart slug (D:4)
  10 orcs
  8 bats
  10 endoplasms
  2 giant cockroaches
  15 goblins
  7 hobgoblins
  4 quokkas
  9 ball pythons
  2 frilled lizards
  7 kobolds
  2 rats
102 creatures vanquished.

Vanquished Creatures (others)
  3 withered plants (D:1)
3 creatures vanquished.

Grand Total: 105 creatures vanquished

Notes
Turn   | Place    | Note
-------+----------+-------------------------------------------
     0 | D:1      | derath95 the Demonspawn Fighter began the quest for the
                  | Orb.
     0 | D:1      | Reached XP level 1. HP: 18/18 MP: 1/1
   164 | D:1      | Gained mutation: You have a pair of small antennae on your
                  | head. [demonic ancestry]
   164 | D:1      | Reached XP level 2. HP: 21/24 MP: 2/2
   351 | D:1      | Found a faded altar of an unknown god.
   394 | D:1      | Prayed at the altar of an unknown god.
   394 | D:1      | Became a worshipper of Sif Muna the Loreminder
   394 | D:1      | Reached * piety under Sif Muna
   665 | D:2      | Gained mutation: You regenerate magic rapidly. [demonic
                  | ancestry]
   665 | D:2      | Reached XP level 3. HP: 21/29 MP: 3/3
   781 | D:2      | Identified the +1 leather armour of the Hall of Blades
                  | {Int+6}
  1262 | D:2      | Reached ** piety under Sif Muna
  1496 | D:3      | Reached XP level 4. HP: 33/35 MP: 3/5
  1665 | D:3      | Noticed Natasha
  1671 | D:3      | Killed Natasha
  1672 | D:3      | Reached skill level 1 in Maces & Flails
  1672 | D:3      | Reached skill level 1 in Invocations
  1895 | D:3      | Noticed Robin
  1899 | D:3      | Reached skill level 1 in Spellcasting
  1907 | D:3      | Killed Robin
  2093 | D:3      | Noticed Natasha
  2103 | D:3      | Killed Natasha
  2104 | D:3      | Gained mutation: You are partially covered in slimy green
                  | scales. (AC +2) [demonic ancestry]
  2104 | D:3      | Reached XP level 5. HP: 12/42 MP: 6/6
  2602 | D:3      | Noticed Natasha
  2614 | D:3      | Killed Natasha
  3169 | D:4      | Reached XP level 6. HP: 34/48 MP: 8/8
  3986 | D:4      | Found a runed translucent door.
  3987 | D:4      | Noticed Crazy Yiuf
  3995 | D:4      | Killed Crazy Yiuf
  4000 | D:4      | Identified the +7 mace of Exchange {flame, rPois Str+4}
  4368 | D:5      | Entered Level 5 of the Dungeon
  4388 | D:5      | Reached XP level 7. HP: 36/54 MP: 10/10
  4771 | D:5      | Reached *** piety under Sif Muna
  4790 | D:5      | Slain by an orc wizard

Illustrated notes

Levels and vault maps discovered:
D:1:      giann_bridges, layout_rooms, ebering_ecumenical_altar_petrified
D:2:      layout_loops_cross
D:3:      layout_basic, kennysheep_cluttered_room, kennysheep_generic_room_4,
          uniq_robin, uniq_natasha
D:4:      layout_gridville, nicolae_ossuary_entry_ruins, uniq_crazy_yiuf_cottage
D:5:      layout_basic, temple_statues, minmay_misc_feat_diagonals,
          amcnicky_mini_pool_medium

Skill      XL: |  1  2  3  4  5  6  7 |
---------------+----------------------+-----
Axes           | 2 3 |  3.3
Shields        | 3 4 |  4.0
Armour         | 3 |  3.9
Maces & Flails | 1 2 |  2.4
Invocations    | 1 2 3 |  3.4
Spellcasting   | 1 2 |  2.5
Fighting       | 4 |  4.4

Action                   |  1- 3 |  4- 6 |  7- 9 || total
-------------------------+-------+-------+-------++-------
Melee: War axe           |   144 |   159 |    55 ||   358
  Use: Potion            |       |     1 |     1 ||     2
Armor: Scale mail        |    89 |   129 |    55 ||   273
Dodge: Dodged            |    84 |    73 |    30 ||   187
Block: Buckler           |    56 |    51 |    18 ||   125

Table legend: (Time is in decaauts)
 A = Elapsed time spent in this place.
 B = Non-inter-level travel time spent in this place.
 C = Inter-level travel time spent in this place.
 D = Time resting spent in this place.
 E = Time spent auto-exploring this place.
 F = Levels seen in this place.
 G = Mean time per level.
                   A        B        C        D        E       F      G
               +--------+--------+--------+--------+--------+-----+--------+
         Total |   4921 |   4905 |     16 |      0 |   3869 |   5 |  984.2 |
       Dungeon |   4921 |   4905 |     16 |      0 |   3869 |   5 |  984.2 |
               +--------+--------+--------+--------+--------+-----+--------+

Top non-repeatable levels by time:
     D:3: 1796 daAuts
     D:4: 1288 daAuts
     D:2: 796 daAuts
     D:1: 596 daAuts
     D:5: 444 daAuts
